 Dungeon Crawl Stone Soup version 0.19-a0-49-gb8736b8 (webtiles) character file.

116218 ololoev the Fencer (level 16, -2/134 HPs)
             Began as a Minotaur Fighter on May 6, 2016.
             Was a High Priest of Okawaru.
             Killed from afar by a spriggan defender (9 damage)
             ... with an exploding inner flame
             ... led by the Enchantress
             ... hexed by the player character
             ... on level 2 of the Depths.
             The game lasted 01:13:16 (19764 turns).

ololoev the Fencer (Minotaur Fighter)              Turns: 19764, Time: 01:13:17

Health: -2/134     AC: 25    Str: 21    XL:     16   Next: 20%
Magic:  15/20      EV: 15    Int:  5    God:    Okawaru [*****.]
Gold:   874        SH:  0    Dex: 13    Spells: 0 memorised, 15 levels left

rFire  + . .     SeeInvis .     e - +1 triple sword (slice)
rCold  + + +     Gourm    .     B - +4 plate armour of Rushiucorch {rC+ MR++ Str-4 Stlth+}
rNeg   + . .     Faith    .     (shield currently unavailable)
rPois  +         Spirit   .     p - -2 hat of the Alchemist {rElec rPois rF+ rC+ rN+ MR+ rMut rCorr}
rElec  +         Dismiss  .     n - +0 cloak
rCorr  +         Reflect  .     L - +0 pair of gloves
rMut   +         Harm     .     Q - +0 pair of boots {Fly}
SustAt .         Rnd*Rage +     i - amulet of regeneration
MR     +++++                    (no ring)
Stlth  ..........               a - +3 ring of slaying

@: heroism, finesse, flying, almost entirely resistant to hostile enchantments,
extremely unstealthy
A: retaliatory headbutt, horns 2, talons 1, slimy green scales 1, yellow scales
1, berserk 1, cold resistance 1, deformed body, frail 1, low mp 1, magic
resistance 1, mutation resistance 1, regeneration 1
a: Heroism, Finesse, Renounce Religion, Stop Flying


Innate Abilities, Weirdness & Mutations

You reflexively headbutt those who attack you in melee.
You have a pair of horns on your head.
You have sharp toenails.
You are partially covered in slimy green scales (AC +2).
You are partially covered in yellow scales (AC +2).
You tend to lose your temper in combat.
Your flesh is cold resistant.
Armour fits poorly on your strangely shaped body.
You are frail (-10% HP).
Your magical capacity is low (-10% MP).
You are resistant to hostile enchantments.
You are somewhat resistant to further mutation.
Your natural rate of healing is unusually fast.

Inventory:

Hand Weapons
 e - a +1 triple sword of slicing (weapon)
 r - a +1 great sword of flaming
Armour
 n - a +0 cloak (worn)
 p - the -2 hat of the Alchemist (worn) {rElec rPois rF+ rC+ rN+ MR+ rMut rCorr}
   (Okawaru gifted it to you on level 2 of the Depths)

   It protects you from fire.
   It protects you from cold.
   It insulates you from electricity.
   It protects you from poison.
   It protects you from negative energy.
   It affects your resistance to hostile enchantments.
   It protects you from acid and corrosion.
   It protects you from mutation.
 B - the +4 plate armour of Rushiucorch (worn) {rC+ MR++ Str-4 Stlth+}
   (Okawaru gifted it to you on level 11 of the Dungeon)

   It affects your strength (-4).
   It protects you from cold.
   It affects your resistance to hostile enchantments.
   It makes you more stealthy.
 L - a +0 pair of gloves (worn)
 Q - a +0 pair of boots of flying (worn)
Jewellery
 a - a +3 ring of slaying (left hand)
 i - an amulet of regeneration (around neck)
Wands
 A - a wand of teleportation (9/9)
Scrolls
 b - 3 scrolls of remove curse
 h - 3 scrolls of magic mapping
 j - 2 scrolls of blinking
 t - 3 scrolls of enchant weapon
 u - 9 scrolls of immolation
 z - 6 scrolls of enchant armour
 C - a scroll of recharging
 E - 4 scrolls of fog
Potions
 d - 3 potions of haste
 m - 5 potions of invisibility
 v - 3 potions of agility
 I - 2 potions of magic
Comestibles
 c - 2 chunks of flesh
 f - 6 bread rations
 k - 4 beef jerkies
 l - 10 fruits
 o - 10 meat rations
 x - 6 royal jellies


   Skills:
 + Level 15.1(20.1) Fighting
 * Level 19.9(24.9) Long Blades
 + Level 15.1(20.1) Armour
 + Level 11.7(16.7) Dodging
   Level 3.6(8.6) Shields
 - Level 10.8 Invocations


You had 15 spell levels left.
You didn't know any spells.


You were on level 2 of the Depths.
You worshipped Okawaru.
Okawaru was extremely pleased with you.
You were not hungry.

You visited 3 branches of the dungeon, and saw 19 of its levels.
You also visited: Sewer.

You collected 1216 gold pieces.
You spent 342 gold pieces at shops.

...........[..........# ####.....
.........[...........####........
.........%......%(...###.........
.................................
.....................##..........
....................###..........
.............§§§§...###..........
.............§§§§§.............÷≈
...........##§§§@§..............≈
.........#####..§...............)
...####### #..##............)..
..## #######..###.####(..
...###### #### ### #...
........## ### #(..
.........##### ##.#### #.)P
.............# ##.....# #..≈
............## ##..##### ##...

Notes
Turn   | Place    | Note
--------------------------------------------------------------
     0 | D:1      | ololoev the Minotaur Fighter began the quest for the Orb.
     0 | D:1      | Reached XP level 1. HP: 19/19 MP: 0/0
    39 | D:1      | Reached XP level 2. HP: 10/27 MP: 1/1
   253 | D:1      | Reached skill level 3 in Long Blades
   455 | D:1      | Reached XP level 3. HP: 33/33 MP: 2/2
   763 | D:2      | Found an oddly glowing altar of Pakellas.
   883 | D:2      | Found a white marble altar of Elyvilon.
  1101 | D:3      | Reached XP level 4. HP: 40/40 MP: 3/3
  1137 | D:3      | Found a snail-covered altar of Cheibriados.
  1277 | D:3      | You fall through a shaft!
  1290 | D:4      | Reached skill level 4 in Long Blades
  1295 | D:4      | Reached skill level 5 in Armour
  1295 | D:4      | Reached XP level 5. HP: 32/47 MP: 4/4
  1321 | D:4      | Found a glowing drain.
  1419 | Sewer    | Entered a sewer
  1514 | Sewer    | Noticed Purgy
  1519 | Sewer    | Killed Purgy
  1519 | Sewer    | Reached skill level 5 in Long Blades
  1587 | D:4      | Reached XP level 6. HP: 48/55 MP: 5/5
  1640 | D:4      | Reached skill level 5 in Fighting
  1823 | D:4      | Reached skill level 6 in Long Blades
  2210 | D:4      | Reached XP level 7. HP: 57/61 MP: 6/6
  2351 | D:5      | Entered Level 5 of the Dungeon
  2437 | D:5      | Found an ancient bone altar of Kikubaaqudgha.
  2796 | D:5      | Reached skill level 7 in Long Blades
  2971 | D:6      | Found a deep blue altar of Sif Muna.
  3160 | D:6      | Reached skill level 8 in Long Blades
  3160 | D:6      | Reached XP level 8. HP: 63/71 MP: 7/7
  3604 | D:7      | Found a staircase to the Ecumenical Temple.
  3618 | Temple   | Entered the Ecumenical Temple
  3849 | D:7      | Noticed Pikel
  3858 | D:7      | Killed Pikel
  3858 | D:7      | Reached skill level 9 in Long Blades
  3922 | D:7      | Reached skill level 10 in Long Blades
  3977 | D:7      | Reached XP level 9. HP: 69/81 MP: 8/8
  4327 | D:3      | Found a radiant altar of Vehumet.
  4509 | D:3      | Found an iron altar of Okawaru.
  4528 | D:3      | Became a worshipper of Warmaster Okawaru
  4964 | D:8      | Noticed a komodo dragon
  5118 | D:8      | Noticed an elephant
  5138 | D:8      | Killed an elephant
  5138 | D:8      | Reached skill level 11 in Long Blades
  5146 | D:8      | Found a blossoming altar of Fedhas.
  5168 | D:8      | Killed a komodo dragon
  5168 | D:8      | Reached * piety under Okawaru
  5168 | D:8      | Reached skill level 1 in Invocations
  5595 | D:8      | Found a staircase to the Lair.
  5612 | D:8      | Noticed Erica
  5622 | D:8      | Killed Erica
  5622 | D:8      | Reached XP level 10. HP: 64/91 MP: 7/10
  5744 | D:8      | Found a shadowy altar of Dithmenos.
  5744 | D:8      | Found a burning altar of Makhleb.
  5792 | D:8      | Reached skill level 12 in Long Blades
  6105 | D:9      | Reached ** piety under Okawaru
  6185 | D:9      | Found a bloodstained altar of Trog.
  6619 | D:9      | Found a stormy altar of Qazlal.
  6628 | D:9      | Reached skill level 10 in Armour
  6878 | D:10     | Entered Level 10 of the Dungeon
  6904 | D:9      | Reached *** piety under Okawaru
  7063 | D:10     | Reached skill level 10 in Fighting
  7063 | D:10     | Reached skill level 13 in Long Blades
  7106 | D:10     | Noticed M4edhros's ghost (amateur TrMo)
  7115 | D:10     | Killed M4edhros's ghost
  7353 | D:10     | Found Ciurrexzo's Magic Scroll Boutique.
  7358 | D:10     | Reached **** piety under Okawaru
  7358 | D:10     | Received a gift from Okawaru
  7363 | D:10     | Bought a scroll of remove curse for 36 gold pieces
  7363 | D:10     | Bought a scroll of enchant armour for 90 gold pieces
  7363 | D:10     | Bought a scroll of identify for 24 gold pieces
  7363 | D:10     | Bought a scroll of identify for 24 gold pieces
  7363 | D:10     | Bought a scroll of amnesia for 42 gold pieces
  7363 | D:10     | Bought 2 scrolls of immolation for 84 gold pieces
  7363 | D:10     | Bought a scroll of fear for 42 gold pieces
  7373 | D:10     | Noticed a hill giant
  7381 | D:10     | Killed a hill giant
  7381 | D:10     | Reached XP level 11. HP: 77/101 MP: 10/13
  7517 | D:10     | Noticed a hill giant
  7520 | D:10     | Killed a hill giant
  7520 | D:10     | Reached skill level 5 in Invocations
  7659 | D:10     | Noticed a white ugly thing
  7659 | D:10     | Noticed a green ugly thing
  7660 | D:10     | Noticed a green ugly thing
  7661 | D:10     | Noticed a purple ugly thing
  7662 | D:10     | Noticed a red ugly thing
  7676 | D:10     | Noticed a cyan ugly thing
  7680 | D:10     | Killed a green ugly thing
  7686 | D:10     | Killed a purple ugly thing
  7692 | D:10     | Killed a purple ugly thing
  7706 | D:10     | Killed a green ugly thing
  7706 | D:10     | Reached ***** piety under Okawaru
  7726 | D:10     | Killed a purple ugly thing
  7726 | D:10     | Reached skill level 14 in Long Blades
  7730 | D:10     | Killed a white ugly thing
  7741 | D:10     | Gained mutation: Your flesh is cold resistant. [mutagenic meat]
  7826 | D:10     | Noticed a white very ugly thing
  7826 | D:10     | Noticed a wizard
  7848 | D:10     | Killed a white very ugly thing
  7852 | D:10     | Killed a wizard
  7854 | D:10     | Noticed a wizard
  7860 | D:10     | Killed a wizard
  8156 | D:11     | Noticed a hill giant
  8160 | D:11     | Killed a hill giant
  8160 | D:11     | Reached skill level 1 in Dodging
  8418 | D:11     | Noticed a hill giant
  8427 | D:11     | Killed a hill giant
  8427 | D:11     | Received a gift from Okawaru
  8435 | D:11     | Got a heavily runed plate armour {god gift}
  8450 | D:11     | Identified the +4 plate armour of Rushiucorch {rC+ MR++ Str-4 Stlth+} (Okawaru gifted it to you on level 11 of the Dungeon)
  8862 | D:11     | Reached XP level 12. HP: 105/110 MP: 15/15
  9138 | D:11     | Reached skill level 15 in Long Blades
  9824 | D:12     | Noticed a centaur warrior
  9829 | D:12     | Killed a centaur warrior
  9953 | D:12     | Found a staircase to the Orcish Mines.
 10610 | D:13     | strange structure here come with diggin'
 10668 | D:14     | Reached skill level 5 in Dodging
 10699 | D:14     | Identified the Tome of the Escort and the Volcanoes
 11690 | D:14     | Gained mutation: You tend to lose your temper in combat. [a neqoxec]
 11753 | D:14     | jacquesderrida: daaaaang
 12167 | D:14     | Reached skill level 16 in Long Blades
 12226 | D:14     | Found a gate to the Vaults.
 12246 | D:14     | Reached XP level 13. HP: 87/119 MP: 17/17
 12301 | D:14     | Received a gift from Okawaru
 12366 | D:15     | Entered Level 15 of the Dungeon
 12534 | D:15     | Received a gift from Okawaru
 12582 | D:15     | Gained mutation: You passively map a small area around you. [mutagenic meat]
 12583 | D:15     | Gained mutation: Your spells are a little easier to cast, but a little less powerful. [mutagenic meat]
 12584 | D:15     | Gained mutation: You often lose your temper in combat. [mutagenic meat]
 12586 | D:15     | Gained mutation: You are partially covered in yellow scales (AC +2). [mutagenic meat]
 12587 | D:15     | Gained mutation: You have a pair of large horns on your head. [mutagenic meat]
 12740 | D:15     | Noticed PeterLawrence's ghost (adept MiFi)
 12859 | D:15     | Received a gift from Okawaru
 12876 | D:15     | Noticed Sonja
 13163 | D:15     | Noticed a dire elephant
 13168 | D:15     | Killed PeterLawrence's ghost
 13464 | D:15     | Found a staircase to the Depths.
 13636 | D:15     | Killed Sonja
 13761 | D:15     | Killed a dire elephant
 14297 | Depths:1 | Entered Level 1 of the Depths
 14298 | Depths:1 | Noticed a stone giant
 14490 | Depths:1 | Killed a stone giant
 14490 | Depths:1 | Reached skill level 17 in Long Blades
 14627 | Depths:1 | Found a one-way gate to the infinite horrors of the Abyss.
 14645 | Depths:1 | Received a gift from Okawaru
 14746 | Depths:1 | Noticed a frost giant
 14775 | Depths:1 | Killed a frost giant
 14775 | Depths:1 | Reached XP level 14. HP: 25/129 MP: 13/19
 15247 | Depths:1 | Received a gift from Okawaru
 15694 | Depths:2 | Noticed a stone giant
 15977 | Depths:1 | Killed a stone giant
 16195 | Depths:2 | Noticed a brown very ugly thing
 16201 | Depths:2 | Noticed a brown very ugly thing
 16208 | Depths:1 | Killed a brown very ugly thing
 16208 | Depths:1 | Received a gift from Okawaru
 16220 | Depths:1 | Lost mutation: You have a pair of large horns on your head. [mutagenic meat]
 16221 | Depths:1 | Gained mutation: You have large cloven feet. [mutagenic meat]
 16222 | Depths:1 | Gained mutation: You are dopey. (Int -2) [mutagenic meat]
 16223 | Depths:1 | Gained mutation: You are resistant to hostile enchantments. [mutagenic meat]
 16224 | Depths:1 | Lost mutation: You passively map a small area around you. [mutagenic meat]
 16330 | Depths:2 | Noticed a brown very ugly thing
 16339 | Depths:1 | Killed a brown very ugly thing
 16405 | Depths:1 | Killed a green very ugly thing
 16405 | Depths:1 | Reached skill level 18 in Long Blades
 16421 | Depths:1 | Gained mutation: Your natural rate of healing is unusually fast. [mutagenic meat]
 16422 | Depths:1 | Lost mutation: You are dopey. (Int -2) [mutagenic meat]
 16425 | Depths:1 | Gained mutation: You are frail (-10% HP). [mutagenic meat]
 16426 | Depths:1 | Gained mutation: Armour fits poorly on your strangely shaped body. [mutagenic meat]
 16427 | Depths:1 | Lost mutation: Armour fits poorly on your strangely shaped body. [mutagenic meat]
 16429 | Depths:1 | Lost mutation: You often lose your temper in combat. [potion of cure mutation]
 16429 | Depths:1 | Lost mutation: You are resistant to hostile enchantments. [potion of cure mutation]
 16429 | Depths:1 | Lost mutation: Your spells are a little easier to cast, but a little less powerful. [potion of cure mutation]
 16429 | Depths:1 | Lost mutation: You have large cloven feet. [potion of cure mutation]
 16637 | Depths:2 | Reached skill level 10 in Dodging
 17012 | Depths:2 | Reached XP level 15. HP: 122/124 MP: 21/21
 17147 | Depths:2 | Received a gift from Okawaru
 17147 | Depths:2 | Reached skill level 10 in Invocations
 17359 | Depths:2 | Gained mutation: You are resistant to electric shocks. [mutagenic meat]
 17363 | Depths:2 | Gained mutation: You have sharp toenails. [mutagenic meat]
 18031 | Depths:2 | Found a gateway to Hell.
 18200 | Depths:1 | Reached skill level 19 in Long Blades
 18362 | Depths:1 | Noticed a fire giant
 18365 | Depths:1 | Noticed a fire giant
 18411 | Depths:1 | Killed a fire giant
 18422 | Depths:1 | Killed a fire giant
 18682 | Depths:1 | Noticed a frost giant
 18695 | Depths:1 | Killed a frost giant
 18840 | Depths:1 | Reached ****** piety under Okawaru
 18850 | Depths:1 | Received a gift from Okawaru
 18866 | D:15     | Gained mutation: You are very frail (-20% HP). [mutagenic meat]
 18869 | D:15     | Lost mutation: You are very frail (-20% HP). [mutagenic meat]
 18870 | D:15     | Gained mutation: You are partially covered in slimy green scales (AC +2). [mutagenic meat]
 18872 | D:15     | Gained mutation: You are clumsy. (Dex -2) [mutagenic meat]
 18873 | D:15     | Lost mutation: You are clumsy. (Dex -2) [potion of mutation]
 18873 | D:15     | Gained mutation: You are resistant to hostile enchantments. [potion of mutation]
 18874 | D:15     | Gained mutation: Armour fits poorly on your strangely shaped body. [potion of mutation]
 18874 | D:15     | Lost mutation: You are resistant to electric shocks. [potion of mutation]
 18874 | D:15     | Gained mutation: Your magical capacity is low (-10% MP). [potion of mutation]
 18875 | D:15     | Gained mutation: You are somewhat resistant to further mutation. [potion of beneficial mutation]
 19007 | Depths:1 | Noticed a tengu reaver
 19276 | Depths:3 | Noticed a sphinx
 19279 | Depths:2 | Reached skill level 15 in Fighting
 19279 | Depths:2 | Reached XP level 16. HP: 67/134 MP: 18/20
 19576 | Depths:3 | Killed a sphinx
 19579 | Depths:3 | Reached skill level 15 in Armour
 19674 | Depths:3 | Identified Koradgh's Volume of Doomed Ice
 19691 | Depths:3 | Noticed the Enchantress
 19764 | Depths:2 | Killed the Enchantress
 19764 | Depths:2 | Killed from afar by a spriggan defender

Dungeon Overview and Level Annotations

Branches:
Dungeon (15/15)            Temple (1/1) D:7            Lair (0/8) D:8
    Orc (0/2) D:12         Vaults (0/5) D:14         Depths (3/5) D:15

Altars:
Ashenzari
Cheibriados
Dithmenos
Elyvilon
Fedhas
Gozag
Kikubaaqudgha
Makhleb
Nemelex Xobeh
Okawaru
Pakellas
Qazlal
Ru
Sif Muna
Trog
Vehumet
Xom
Yredelemnul
Zin
The Shining One

Shops:
D:10 ?

Portals:
Hell: Depths:1 Depths:2
Abyss: Depths:1 Depths:2


Message History

Your plate armour of Rushiucorch prevents you from hitting the spriggan air mage.
Your headbutt misses the spriggan air mage.
The spriggan air mage is lightly wounded.
The Enchantress completely misses you. You furiously retaliate!
You headbutt the Enchantress.
The spriggan air mage closely misses you.
The spriggan defender hits you but does no damage.
You closely miss the spriggan air mage.
The spriggan air mage is lightly wounded.
Unknown command.
You miss the spriggan air mage.
The spriggan air mage is lightly wounded.
The spriggan misses you.
The spriggan defender hits you but does no damage.
Unknown command.
You slice the spriggan air mage!!
The spriggan air mage is severely wounded.
The spriggan air mage hits you but does no damage.
The Enchantress hits you but does no damage.
Space warps horribly around you!
Unknown command.
You completely miss the spriggan air mage.
The spriggan air mage is severely wounded.
The spriggan defender hits you but does no damage.
Unknown command.
You miss the spriggan air mage.
The spriggan air mage is severely wounded.
The spriggan misses you.
Unknown command.
You hit the spriggan air mage but do no damage.
The spriggan air mage is severely wounded.
The spriggan air mage hits you but does no damage.
The spriggan defender hits you with a demon whip of electrocution!
Unknown command.
You completely miss the spriggan air mage.
Your headbutt misses the spriggan air mage.
The spriggan air mage is severely wounded.
The Enchantress hits you with a flail of distortion!!
Space bends around you. The spriggan barely misses you.
Unknown command.
You slice the spriggan air mage!!
The spriggan air mage explodes!
The fiery explosion engulfs the spriggan defender.
The spriggan defender is heavily wounded.
The fiery explosion engulfs the Enchantress.
The Enchantress is burned terribly!
The Enchantress is heavily wounded.
The fiery explosion engulfs you! Okawaru accepts your kill.
The winds cease moving at the spriggan air mage's will.
You are engulfed in roaring flames.
You resist.
The spriggan defender is engulfed in roaring flames.
The spriggan defender hits you with a demon whip of electrocution!!
Unknown command.
The spriggan defender is engulfed in roaring flames.
The spriggan defender hits you with a demon whip of electrocution.
The Enchantress is engulfed in roaring flames.
The spriggan barely misses you.
The spriggan defender is engulfed in roaring flames.
The spriggan defender hits you but does no damage.
Unknown command.
Drink which item? (? for menu, Esc to quit)
You feel better.
The Enchantress is engulfed in roaring flames.
The Enchantress gestures wildly while chanting.
The Enchantress seems to speed up.
The spriggan defender is engulfed in roaring flames.
The spriggan defender explodes!
The fiery explosion engulfs the spriggan.
The spriggan is severely wounded.
The fiery explosion engulfs the Enchantress.
The Enchantress is burned terribly!
The Enchantress explodes!
The fiery explosion engulfs you! You resist.
The fiery explosion engulfs the spriggan.
The spriggan explodes!
The fiery explosion engulfs you! You resist. Okawaru accepts your kill. x2
The fiery explosion engulfs you! You resist.
You die...

There were no monsters in sight!

Vanquished Creatures
  the Enchantress (Depths:2)
  A sphinx (Depths:3)
  The ghost of PeterLawrence the Warrior, an adept MiFi of Okawaru (D:15)
  2 fire giants (Depths:1)
  2 frost giants (Depths:1)
  A vampire knight (Depths:1)
  A spriggan defender (Depths:3)
  3 stone giants (Depths:1)
  5 very ugly things
  A dire elephant (D:15)
  2 ettins
  2 great orbs of eyes
  2 merfolk javelineers (Depths:2)
  2 yaktaur captains
  4 jiangshi
  3 rakshasas (Depths:2)
  4 entropy weavers
  A hell beast (Depths:1)
  A hydra (D:15)
  A spriggan air mage (Depths:2)
  3 ice dragons
  Erica (D:8)
  5 centaur warriors
  3 ogre magi (Depths:2)
  2 deep troll shamans (Depths:1)
  6 deep troll earth magi
  4 tengu warriors
  A vampire mage (Depths:1)
  Sonja (D:15)
  A skeletal warrior (D:14)
  10 deep trolls
  A flayed ghost (Depths:1)
  A deep elf archer (D:14)
  7 hill giants
  3 giant orange brains
  6 wizards
  Pikel (D:7)
  A manticore (D:12)
  2 cyclopes
  A stone giant zombie (Depths:1)
  27 ugly things
  A hornet (shapeshifter) (Depths:1)
  A shining eye (shapeshifter) (Depths:1)
  4 deep elf magi
  A salamander (D:15)
  A wolf spider (D:15)
  2 griffons
  An elephant (D:8)
  A rust devil (Depths:1)
  A centaur zombie (D:15)
  10 centaur skeletons
  4 orange demons (D:15)
  A gargoyle (D:15)
  2 komodo dragons
  3 kobold demonologists
  A freezing wraith (D:14)
  23 yaktaurs
  3 red devils
  The ghost of M4edhros the Ruffian, an amateur TrMo of Cheibriados (D:10)
  3 tengu conjurers
  An ice devil (Depths:1)
  A harpy zombie (D:15)
  5 slime creatures
  5 trolls
  10 two-headed ogres
  A tarantella (Depths:1)
  A spriggan (Depths:2)
  5 redbacks
  6 water elementals
  2 wraiths
  6 yaks
  2 vampires
  A wyvern (D:15)
  4 hippogriffs
  3 vampire mosquitoes (D:12)
  5 mottled dragons
  A soldier ant (D:11)
  A water moccasin (D:12)
  Purgy (Sewer)
  3 ice beasts
  5 sky beasts
  2 slaves (D:7)
  An eye of draining (D:8)
  3 wasps
  4 orc warriors
  A black bear (D:12)
  2 necrophages
  A phantom (D:4)
  2 boggarts
  12 ogres
  12 centaurs
  2 crocodiles
  5 big kobolds
  10 giant frogs
  A wyvern zombie (D:14)
  A water moccasin zombie (D:9)
  3 scorpions
  A water moccasin skeleton (D:4)
  A wyvern skeleton (D:14)
  12 killer bees
  5 wights (D:11)
  A howler monkey (D:4)
  5 electric eels
  6 crimson imps
  A quasit (D:13)
  11 jellies
  3 giant frog zombies
  A hound (D:6)
  8 orc priests
  A gnoll shaman (D:7)
  3 giant frog skeletons
  5 iguanas
  11 orc wizards
  A worker ant (D:11)
  2 sheep (D:8)
  A hound skeleton (D:11)
  A howler monkey zombie (D:10)
  A worker ant zombie (D:9)
  5 gnolls
  2 howler monkey skeletons
  11 adders
  3 shadow imps
  6 oozes
  2 worms
  A dart slug (D:1)
  4 giant geckos
  50 orcs
  9 giant cockroaches
  8 goblins
  9 hobgoblins
  4 quokkas
  2 ball pythons (D:4)
  8 bats
  A giant gecko zombie (D:7)
  4 giant newts
  A jackal skeleton (D:3)
  19 kobolds
  A quokka zombie (D:6)
  13 rats
566 creatures vanquished.

Vanquished Creatures (others)
  A quokka (D:7)
  8 plants (Depths:2)
9 creatures vanquished.

Grand Total: 575 creatures vanquished

Action                   |  1- 3 |  4- 6 |  7- 9 | 10-12 | 13-15 | 16-18 || total
-------------------------+-------+-------+-------+-------+-------+-------++-------
Melee: Long sword        |    80 |   101 |   249 |       |       |       ||   430
       Headbutt          |     4 |    14 |    61 |   172 |   200 |     7 ||   458
       Unarmed           |       |       |     3 |       |       |       ||     3
       Scimitar          |       |       |       |   806 |   345 |       ||  1151
       Punch             |       |       |       |     2 |     4 |       ||     6
       Demon blade       |       |       |       |       |    88 |       ||    88
       Triple sword      |       |       |       |       |   473 |    37 ||   510
Invok: Heroism           |       |       |     1 |    22 |    48 |     3 ||    74
       Finesse           |       |       |       |     1 |     7 |     1 ||     9
Evoke: Wand              |       |       |    21 |    10 |     4 |       ||    35
  Use: Potion            |       |     3 |     1 |     1 |    19 |     1 ||    25
       Scroll            |       |       |       |    10 |    28 |     2 ||    40
 Stab: Confused          |       |       |     1 |       |       |       ||     1
  Eat: Chunk             |     1 |     3 |    10 |    25 |    60 |     2 ||   101
       Fruit             |       |       |     1 |       |     3 |       ||     4
       Royal jelly       |       |       |       |       |     4 |       ||     4
Armor: Scale mail        |    66 |    48 |   119 |       |       |       ||   233
       Plate armour      |       |       |     5 |   397 |   674 |    28 ||  1104
Dodge: Dodged            |    64 |    51 |   102 |   271 |   387 |    31 ||   906

Vault maps used:
D:1:      eino_arrival_water_star
D:2:      nicolae_overflow_crystal_walls, lemuel_crystal_altar, first_bread
D:3:      vehumet_crystals, lemuel_crystal_altar, okawaru_altar_gauntlet_db
D:4:      portal_sewer_entry_a
D:5:      kennysheep_little_box, serial_corexii_hall, corexii_hall_statues_x,
          corexii_hall_statues_x
D:6:      lemuel_coloured_pillars_altar
D:7:      minmay_temple_entry_hall, minmay_stone_trees_small, uniq_pikel
D:8:      gammafunk_temple_overflow_elements, old_standard_altar,
          david_lair_generic, hangedman_little_slice_of_home, uniq_erica
D:9:      lemuel_doored_altar, lemuel_round_altar
D:10:     cheibrodos_breeding_chamber, serial_shops, shop_statue
D:11:     erik_rubicon_b
D:12:     orc_0_dummy, spider_trap, due_unseen_surprise
D:13:     tgw_xom
D:14:     hangedman_vaults_entry_quadrant_bands, serial_bayou_pond_b,
          kennysheep_generic_room_6
D:15:     hangedman_depths_entry_try_elsewhere_first, fountainhead,
          minmay_beelzebubs_servants, uniq_sonja
Temple:   zaba_magenta_temple_8
Depths:1: serial_sigils, serial_sigils_hangedman_stare,
          serial_sigils_hangedman_scar, serial_sigils_hangedman_gut,
          serial_sigils_hangedman_clutch, serial_sigils_hangedman_gnaw,
          serial_sigils_hangedman_snap, hangedman_abyss_or_decor_stabs,
          grunt_mini_vestibule, abyss_entry, kennysheep_kite_vault
Depths:2: nicolae_whirlpool, minmay_tree_intersection, hell_entry,
          abyss_entry_small_statue_room, firewood_loft, infiniplex_staircase_x,
          serial_bayou_shore_a
Depths:3: thingy_vault, grunt_pan_entry_in_and_out, hangedman_decor_slide_cut,
          hell_entry, grunt_ministairs_4, uniq_enchantress, uniq_boris
Sewer:    kennysheep_door_sewer
